 Dungeon Crawl Stone Soup version 0.18.1-50-g88ac8fd (webtiles) character file.

142 Amnesiac the Charlatan (level 5, -10/31 HPs)
             Began as a Deep Elf Fighter on Mar 2, 2018.
             Mangled by an ogre
             ... wielding a +0 giant club
              (29 damage)
             ... on level 4 of the Dungeon.
             The game lasted 00:03:40 (1226 turns).

Amnesiac the Charlatan (Deep Elf Fighter)           Turns: 1226, Time: 00:03:41

Health: -10/31     AC:  7    Str: 14    XL:     5   Next: 4%
Magic:  10/10      EV:  8    Int: 17    God:
Gold:   93         SH:  9    Dex: 18    Spells: 0 memorised, 4 levels left

rFire  + . .     SeeInvis .     p - +7 mace "Hiujamia" {venom, Int+4 Dex+4}
rCold  . . .     Gourm    .     b - +0 scale mail
rNeg   . . .     Faith    +     c - +0 shield
rPois  .         Spirit   .     (no helmet)
rElec  .         Dismiss  .     (no cloak)
rCorr  .         Reflect  .     w - +0 pair of gloves
SustAt .         Harm     .     (no boots)
MR     .....                    k - amulet of faith
Stlth  ..........               (no ring)
                                e - ring of protection from fire

@: not resistant to hostile enchantments, extremely unstealthy
A: no striking features
a: no special abilities


You were on level 4 of the Dungeon.
You were not hungry.

You visited 1 branch of the dungeon, and saw 4 of its levels.

You collected 93 gold pieces.

Inventory:

Hand Weapons
 a - a +0 rapier
 g - a +0 hunting sling
 m - a +1 dagger of flaming
 p - the +7 mace "Hiujamia" (weapon) {venom, Int+4 Dex+4}
   (You found it on level 4 of the Dungeon)

   It poisons the flesh of those it strikes.
   It affects your intelligence (+4).
   It affects your dexterity (+4).
Missiles
 h - 15 sling bullets
Armour
 b - a +0 scale mail (worn)
 c - a +0 shield (worn)
 w - a +0 pair of gloves (worn)
Jewellery
 e - a ring of protection from fire (left hand)
 k - an amulet of faith (around neck)
Wands
 n - a wand of flame (11/48)
Scrolls
 i - 2 scrolls of teleportation {!r, unknown}
 l - 4 scrolls of identify {!r}
 o - a scroll of fear {!r, unknown}
 q - a scroll of remove curse {!r, unknown}
 r - a scroll of immolation {!r, unknown}
 t - a scroll of amnesia {!r, unknown}
 u - a scroll of fog {!r, unknown}
 x - a scroll of noise {!r, unknown}
Potions
 d - a potion of might {!q}
 s - a potion of curing {!q, unknown}
 v - a potion of mutation {!q, unknown}
Comestibles
 f - 2 bread rations
 j - a meat ration
 z - 2 fruits


   Skills:
 - Level 2.4 Fighting
 - Level 2.1 Short Blades
 - Level 2.4 Armour
 - Level 2.6 Dodging
 - Level 2.4 Shields
 + Level 4.3 Evocations


You had 4 spell levels left.
You didn't know any spells.

Dungeon Overview and Level Annotations

Branches:
Dungeon (4/15)
 Temple: D:4-7

Altars:
Ru


Message History

t - a scroll labeled EKHUUBE SANWY {!r}
f - 2 bread rations (gained 1)
u - a scroll labeled SEBBANWOJO {!r} An orc comes into view.
An orc is nearby!
The orc hits you but does no damage.
You closely miss the orc. The orc hits you but does no damage.
The orc closely misses you.
You sock the orc!
You kill the orc!
No target in view!
No target in view!
Things that are here:
a leather armour; an orc corpse A giant newt and an ogre come into view.
The ogre shouts!
Things that are here:
a leather armour; an orc corpse You butcher the orc corpse.
Things that are here:
a leather armour; a chunk of flesh
v - a chunk of flesh The giant newt bites you.
A gnoll comes into view. It is wielding a club.
The gnoll throws a throwing net.
The throwing net completely misses you.
You see here a throwing net.
There is a stone staircase leading up here.
You block the giant newt's attack.
You climb upwards.
There is a stone staircase leading down here.
You hit the giant newt.
You kill the giant newt!
No target in view!
No target in view!
Eating a chunk of flesh.
This raw flesh tastes terrible.
You continue eating. x2
Found 18 arrows.
Found 17 bolts.
A giant gecko comes into view.
You see here a scroll labeled TAGEMIFAAG {!r}.
You block the giant gecko's attack.
You miss the giant gecko. You block the giant gecko's attack.
The giant gecko closely misses you.
You hit the giant gecko.
You kill the giant gecko!
v - a dark potion {!q}
w - a pair of gloves You now have 82 gold pieces (gained 10).
x - a scroll labeled TAGEMIFAAG {!r}
Found 2 fruits.
You now have 93 gold pieces (gained 11).
Wear which item? (? for menu, Esc to quit)
You start putting on your armour.
You continue putting on your pair of gloves. x4
You finish putting on your +0 pair of gloves.
z - 2 fruits
There is a stone staircase leading down here.
You climb downwards.
You block the ogre's attack.
There is a stone staircase leading up here.
You closely miss the ogre. The ogre hits you with a giant club!
The gnoll hits you with a club. You block the gnoll's attack.
The ogre hits you with a giant club!!
Ouch! That really hurt!
You die...

...##.....#.#######.....#......##
#####.....#...........>..........
#.......####........(........
#......(.#...................
#####.....##..........#.#..#.....
#.....).#.#...........#...#####..
#.......[......#<.#.##...#####..#
#.........####..gO..#..........#
................@..............#
........######..#...#...#########
.##.#.####...#...)......#.†...#..
.##.#.###...........#...#.###.#.#
.##.#.##................#.#...#..
.##.#.##......<........##.#######
###.....................#.......W
...............(..#######.#######
###...............#.....#.#...#..


You could see an ogre and a gnoll.

Vanquished Creatures
  A phantom (D:4)
  2 adders (D:4)
  An ooze (D:3)
  2 adder skeletons (D:4)
  2 giant geckos (D:3)
  An orc (D:4)
  A goblin (D:2)
  8 jackals
  A quokka (D:4)
  A giant newt (D:3)
  A rat (D:3)
21 creatures vanquished.

Notes
Turn   | Place    | Note
--------------------------------------------------------------
     0 | D:1      | Amnesiac the Deep Elf Fighter began the quest for the Orb.
     0 | D:1      | Reached XP level 1. HP: 13/13 MP: 3/3
    15 | D:2      | Found a sacrificial altar of Ru.
    25 | D:1      | Reached skill level 1 in Dodging
   226 | D:3      | Reached XP level 2. HP: 18/18 MP: 4/4
   555 | D:4      | Noticed a phantom
   730 | D:4      | Killed a phantom
   730 | D:4      | Reached skill level 3 in Evocations
   730 | D:4      | Reached XP level 3. HP: 15/22 MP: 4/7
   730 | D:4      | Reached XP level 4. HP: 18/27 MP: 4/8
   775 | D:4      | Got a dazzling mace
   777 | D:4      | Identified the +7 mace "Hiujamia" {venom, Int+4 Dex+4} (You found it on level 4 of the Dungeon)
   784 | D:4      | Reached skill level 4 in Evocations
   921 | D:4      | Reached XP level 5. HP: 31/31 MP: 10/10
  1129 | D:4      | Noticed an ogre
  1226 | D:4      | Mangled by an ogre

Skill      XL: |  1  2  3  4 |
---------------+-------------+-----
Dodging        | 2 |  2.6
Evocations     | 3 4 |  4.3
Fighting       | |  2.4
Short Blades   | |  2.1
Armour         | |  2.4
Shields        | |  2.4

Action                   |  1- 3 |  4- 6 || total
-------------------------+-------+-------++-------
Melee: Rapier            |    33 |       ||    33
       Dagger            |    23 |       ||    23
       Mace              |       |    16 ||    16
Evoke: Wand              |    13 |     1 ||    14
  Use: Scroll            |     1 |       ||     1
  Eat: Chunk             |       |     1 ||     1
Armor: Scale mail        |    25 |     5 ||    30
Dodge: Dodged            |    18 |     6 ||    24
Block: Shield            |    25 |    10 ||    35
